 Dungeon Crawl Stone Soup version 0.19-a0-1587-gaef70b6 (webtiles) character file.

64 dobroeutro the Slasher (level 3, 0/31 HPs)
             Began as a Minotaur Fighter on Sept 16, 2016.
             Slain by an adder (1 damage)
             ... on level 2 of the Dungeon.
             The game lasted 00:02:46 (941 turns).

dobroeutro the Slasher (Minotaur Fighter)            Turns: 941, Time: 00:02:46

Health: 0/31       AC:  6    Str: 21    XL:     3   Next: 91%
Magic:  2/2        EV:  7    Int:  5    God:
Gold:   50         SH:  9    Dex:  9    Spells: 0 memorised, 2 levels left

rFire  + . .     SeeInvis .     a - +0 long sword
rCold  . . .     Gourm    .     b - +0 scale mail
rNeg   . . .     Faith    .     c - +0 shield
rPois  .         Spirit   .     (helmet restricted)
rElec  .         Dismiss  .     (no cloak)
rCorr  .         Reflect  .     (no gloves)
MR     .....     Harm     .     (no boots)
Stlth  ..........               e - amulet of inaccuracy (curse)
                                (no ring)
                                i - ring of protection from fire

@: lethally poisoned (0 -> -3)
A: retaliatory headbutt, horns 2
a: no special abilities


You were on level 2 of the Dungeon.
You were hungry.

You visited 1 branch of the dungeon, and saw 2 of its levels.

You collected 50 gold pieces.

Inventory:

Hand Weapons
 a - a +0 long sword (weapon)
Armour
 b - a +0 scale mail (worn)
 c - a +0 shield (worn)
Jewellery
 e - a cursed amulet of inaccuracy (around neck)
 i - a ring of protection from fire (left hand)
Scrolls
 h - a scroll of identify
Potions
 d - a potion of might
 g - a potion of magic
Comestibles
 f - a bread ration
 j - a slice of pizza
 l - 6 chunks of flesh


   Skills:
 - Level 3.6 Fighting
 + Level 5.1 Long Blades
 - Level 3.6 Armour
 - Level 3.6 Shields


You had 2 spell levels left.
You didn't know any spells.

Dungeon Overview and Level Annotations

Branches:
Dungeon (2/15)

Altars:
Ashenzari


Innate Abilities, Weirdness & Mutations

You reflexively headbutt those who attack you in melee.
You have a pair of horns on your head.


Message History

The adder barely misses you.
Found 12 gold pieces.
The adder barely misses you.
You see here a short sword.
The adder bites you but does no damage. The adder bites you.
* * * LOW HITPOINT WARNING * * *
You are lethally poisoned!
The adder poisons you!
* * * LOW HITPOINT WARNING * * *
You feel sick.
* * * LOW HITPOINT WARNING * * *
You feel sick. The adder barely misses you.
You riposte.
You completely miss the adder.
The adder is severely wounded.
You closely miss the adder.
The adder is severely wounded.
* * * LOW HITPOINT WARNING * * *
You feel sick. You block the adder's attack. The adder bites you.
You die...

......##.#...## ..##.##†####
.###..####...## #.........#
.###..####...)# #.#..#.####
..............#######.##.#.#
...................##.##...#
.##.#...............#.###..#
.##.#.........##g##.#.###..#
...........)..##S##.#......#
.....#....###.##@##.#......#
...###....# #.##.##........#
.### ###### #.......#.##+#.#
.# ## #.##....††....># (# ..
#.##............. )# .#
#.##............# .# .#
..........#..#.## .##.######
######..###..# # ...).....#
#..# ..#


You could see an adder and a goblin.

Vanquished Creatures
  A worm (D:2)
  2 dart slugs
  A leopard gecko (D:1)
  A ball python (D:1)
  3 giant cockroaches (D:1)
  17 goblins
  4 hobgoblins
  7 jackals (D:1)
  A quokka (D:2)
  3 bats
  A frilled lizard (D:2)
  2 kobolds (D:2)
  4 rats
47 creatures vanquished.

Notes
Turn   | Place    | Note
-------+----------+-------------------------------------------
     0 | D:1      | dobroeutro the Minotaur Fighter began the quest for the Orb.
     0 | D:1      | Reached XP level 1. HP: 19/19 MP: 0/0
    96 | D:1      | Reached skill level 3 in Long Blades
   135 | D:1      | Found a shattered altar of Ashenzari.
   149 | D:1      | Reached XP level 2. HP: 22/26 MP: 1/1
   417 | D:1      | Reached skill level 4 in Long Blades
   453 | D:1      | Reached XP level 3. HP: 23/31 MP: 2/2
   872 | D:2      | Reached skill level 5 in Long Blades
   922 | D:2      | HP: 1/31 [poisoned by an adder]
   941 | D:2      | HP: 1/31 [poisoned by an adder]
   941 | D:2      | Slain by an adder

Vault maps used:
D:1:      tarquinn_simple_flora_water_d, evilmike_ruin_ashenzari
D:2:      lemuel_crystal_altar, uniq_robin

Skill      XL: |  1  2  3 |
---------------+----------+-----
Long Blades    | 3 4 5 |  5.1
Fighting       | |  3.6
Armour         | |  3.6
Shields        | |  3.6

Action                   || total
-------------------------++-------
Melee: Long sword        ||   189
       Headbutt          ||    13
  Use: Scroll            ||     4
       Potion            ||     1
Armor: Scale mail        ||    67
Dodge: Dodged            ||    54
Block: Shield            ||    95
